 Dungeon Crawl Stone Soup version 0.27.1-34-g3ba077fa99 (webtiles) character file.

Game seed: 6511204669176840258

1040 chmiii the Chopper (level 8, -8/120 HPs)
             Began as a Troll Berserker on Jan 28, 2022.
             Was a Priest of Trog.
             Mangled by Edmund (10 damage)
             ... on level 5 of the Dungeon.
             The game lasted 00:14:22 (3103 turns).

chmiii the Chopper (Troll Berserker)                Turns: 3103, Time: 00:14:22

Health: -8/120     AC:  4    Str: 27    XL:     8   Next: 4%
Magic:  7/7        EV: 10    Int:  9    God:    Trog [***...]
Gold:   244        SH:  0    Dex: 10    Spells: 7/7 levels left

rFire    . . .     SeeInvis .   j - +0 war axe
rCold    . . .     Faith    .   (no shield)
rNeg     . . .     Spirit   .   b - +0 animal skin
rPois    .         Reflect  .   (helmet restricted)
rElec    .         Harm     .   (no cloak)
rCorr    .         Rampage  .   (gloves unavailable)
Will     +++..                  (boots unavailable)
Stlth    ..........             (no amulet)
HPRegen  2.30/turn              a - ring of willpower
MPRegen  0.10/turn              q - +6 ring of intelligence

@: berserking, lethally poisoned (-8 -> -14), strong-willed, regenerating, very
quick
A: large, unfitting armour, claws 3, regeneration 1, shaggy fur 1, tough skin 1
a: Renounce Religion, Berserk, Trog's Hand


You were on level 5 of the Dungeon.
You worshipped Trog.
Trog was most pleased with you.
You visited 1 branch of the dungeon, and saw 5 of its levels.

You collected 244 gold pieces.

Inventory:

Hand Weapons
 j - a +0 war axe (weapon)
Missiles
 p - 7 javelins (quivered)
Armour
 b - a +0 animal skin (worn)
Jewellery
 a - a ring of willpower (left claw)
 q - a +6 ring of intelligence (right claw)
Scrolls
 d - a scroll of vulnerability {unknown}
 f - a scroll of blinking {unknown}
 g - 2 scrolls of enchant weapon {unknown}
 h - a scroll of identify {unknown}
 i - a scroll of noise {unknown}
 k - a scroll of magic mapping {unknown}
 m - 2 scrolls of fog {unknown}
 o - 2 scrolls of immolation
 r - a scroll of teleportation {unknown}
 u - a scroll of amnesia {unknown}
Potions
 c - 2 potions of flight {unknown}
 e - a potion of mutation {unknown}
 l - 2 potions of magic {unknown}
 n - 2 potions of degeneration {unknown}
 s - 2 potions of curing {unknown}
 t - 2 potions of cancellation {unknown}


   Skills:
 + Level 5.1 Fighting
 * Level 6.9 Axes
 - Level 2.4 Dodging


You had 7 spell levels left.
You didn't know any spells.
Your spell library was empty.

Dungeon Overview and Level Annotations

Branches:
Dungeon (5/15)
 Temple: D:4-7

Altars:
Xom

Shops:
D:3 [

Annotations:
D:5 exclusion: upstairs, Edmund


Innate Abilities, Weirdness & Mutations

You are too large for most types of armour.
You have claws for hands.
Your natural rate of healing is unusually fast.
You are covered in fur. (AC +1)
You have tough skin. (AC +1)


Message History

Edmund is heavily wounded.
You feel very sick.
Edmund hits you with a +1 flail of venom.
You are more poisoned.
You slash Edmund!
Edmund is severely wounded.
You feel very sick. Edmund barely misses you.
Edmund hits you with a +1 flail of venom!
You are more poisoned.
You are too injured to fight recklessly!
You hit Edmund.
Edmund is almost dead.
You feel very sick.
Edmund drinks a potion.
Edmund is healed!
You slash Edmund!
Edmund is heavily wounded.
You feel very sick. Edmund barely misses you.
You hit Edmund.
Edmund is heavily wounded.
You feel very sick.
Edmund hits you with a +1 flail of venom!
* * * LOW HITPOINT WARNING * * *
You are more poisoned.
Your skin crawls.
You feel strong-willed.
You feel extremely sick.
Edmund hits you with a +1 flail of venom.
* * * LOW HITPOINT WARNING * * *
You are lethally poisoned!
* * * LOW HITPOINT WARNING * * *
You feel extremely sick.
Okay, then.
A red film seems to cover your vision as you go berserk!
You feel yourself moving faster!
You feel mighty!
* * * LOW HITPOINT WARNING * * *
You feel extremely sick.
Edmund hits you with a +1 flail of venom!
You die...

..............#.#### .#
........#######.### #
..........(.......##
.......##..........### #
.....#..#............#.##
...>...............#.....
.........................
..#.### ..........#....#
........@@#....#
#..............#
.........#....#
........##....# ...>....#
..... ........# .....
........# .s.. .<.......
. .......


You could see Edmund.

Vanquished Creatures
  Menkaure (D:4)
  A water moccasin (D:3)
  An ice beast (D:4)
  An ogre (D:5)
  The ghost of JJisdabomb the Grasshopper, an amateur DrWr (D:4)
  A phantom (D:3)
  2 scorpions
  A water moccasin zombie (D:5)
  A howler monkey (D:4)
  A centaur zombie (D:5)
  A hound (D:5)
  2 iguanas
  A bullfrog skeleton (D:4)
  3 adders
  2 white imps (D:5)
  An adder skeleton (D:4)
  2 worms (D:3)
  3 dart slugs (D:3)
  8 orcs
  8 ball pythons
  3 bats
  7 endoplasms
  3 giant cockroaches
  5 goblins
  4 hobgoblins
  6 kobolds
  5 quokkas
  4 frilled lizards
  4 rats
83 creatures vanquished.

Notes
Turn   | Place    | Note
-------+----------+-------------------------------------------
     0 | D:1      | chmiii the Troll Berserker began the quest for the Orb.
     0 | D:1      | Reached XP level 1. HP: 22/22 MP: 0/0
    86 | D:1      | Reached XP level 2. HP: 29/29 MP: 1/1
   207 | D:1      | Reached skill level 3 in Axes
   317 | D:1      | Reached ** piety under Trog
   601 | D:2      | Reached XP level 3. HP: 36/36 MP: 2/2
   606 | D:2      | Found a faded altar of an unknown god.
  1269 | D:3      | Found Semosipnu's Antique Armour Shoppe.
  1354 | D:3      | You fall into a shaft and drop 1 floor!
  1373 | D:4      | Reached XP level 4. HP: 11/45 MP: 3/3
  1416 | D:4      | Noticed a phantom
  1428 | D:4      | Identified the +1 leather armour of Music {Int+5 SInv}
  1428 | D:4      | Noticed Menkaure
  1450 | D:5      | Entered Level 5 of the Dungeon
  1481 | D:5      | Reached skill level 4 in Axes
  1481 | D:5      | Reached XP level 5. HP: 30/53 MP: 4/4
  1550 | D:5      | Found a shimmering altar of Xom.
  1651 | D:4      | Reached XP level 6. HP: 50/62 MP: 5/5
  1694 | D:4      | Found a runed translucent door.
  1695 | D:4      | Noticed JJisdabomb's ghost (amateur DrWr)
  1696 | D:4      | Noticed an ice beast
  1867 | D:3      | Noticed a water moccasin
  1880 | D:3      | Killed a water moccasin
  1881 | D:3      | Reached skill level 5 in Axes
  2412 | D:4      | Killed Menkaure
  2413 | D:4      | Reached XP level 7. HP: 71/71 MP: 6/6
  2531 | D:4      | Reached skill level 6 in Axes
  2566 | D:4      | Reached *** piety under Trog
  2909 | D:4      | Killed JJisdabomb's ghost
  3001 | D:5      | Reached skill level 5 in Fighting
  3014 | D:5      | Reached XP level 8. HP: 71/80 MP: 7/7
  3081 | D:5      | Noticed Edmund
  3102 | D:5      | HP: 4/80 [poisoned by Edmund]
  3103 | D:5      | Mangled by Edmund

Illustrated notes

Levels and vault maps discovered:
D:1:      onia_arrival_handbag, layout_rooms
D:2:      layout_basic, hellmonk_ecumenical_altar_arch_garden
D:3:      layout_basic, serial_shops, nicolae_shop_window_shopping,
          minmay_door_square
D:4:      layout_rooms, ebering_ghost_inner_flame, roderic_lattice_a,
          uniq_menkaure
D:5:      layout_rooms, nicolae_overflow_crystal_walls, uniq_edmund

Skill      XL: |  1  2  3  4  5  6  7 |
---------------+----------------------+-----
Axes           | 3 4 5 6 |  6.9
Fighting       | 3 4 5 |  5.1
Dodging        | |  2.4

Action                   |  1- 3 |  4- 6 |  7- 9 || total
-------------------------+-------+-------+-------++-------
Melee: Hand axe          |    57 |       |       ||    57
       War axe           |    55 |    94 |    78 ||   227
Throw: Javelin           |       |     2 |       ||     2
Invok: Berserk           |       |     1 |     2 ||     3
       Trog's Hand       |       |     1 |     1 ||     2
 Stab: Sleeping          |     1 |       |       ||     1
Armor: Animal skin       |    45 |    34 |    24 ||   103
Dodge: Dodged            |    80 |    65 |    37 ||   182
